 Dungeon Crawl Stone Soup version 0.26-a0-1222-g14533b3512 (webtiles) character file.

Game seed: 13772209223290953170

65 Mesmaeker13 the Grave Robber (level 3, -6/24 HPs)
             Began as a Mummy Necromancer on Dec 31, 2020.
             Blown up by Ijyb (27 damage)
             ... with a disintegration bolt
             ... on level 3 of the Dungeon.
             The game lasted 00:04:15 (2830 turns).

Mesmaeker13 the Grave Robber (Mummy Necromancer)    Turns: 2830, Time: 00:04:16

Health: -6/24      AC:  3    Str: 11    XL:     3   Next: 92%
Magic:  3/8        EV: 12    Int: 15    God:
Gold:   94         SH:  0    Dex: 12    Spells: 5/9 levels left

rFire    . . .     SeeInvis .   c - +0 dagger
rCold    . . .     Faith    .   (no shield)
rNeg     + + +     Spirit   .   a - +0 robe
rPois    ∞         Reflect  .   (no helmet)
rElec    .         Harm     .   (no cloak)
rCorr    .         Rampage  .   f - +0 pair of gloves
Will     .....     Rnd*Tele +   (no boots)
Stlth    ++........             (no amulet)
HPRegen  0.08/turn              l - ring of teleportation (curse)
MPRegen  0.11/turn              m - ring of fire

@: no status effects
A: no potions, fire vulnerability, cold resistance 1, negative energy resistance
3, torment resistance, unbreathing
a: no special abilities


You were on level 3 of the Dungeon.
You visited 1 branch of the dungeon, and saw 3 of its levels.

You collected 94 gold pieces.

Inventory:

Hand Weapons
 c - a +0 dagger (weapon)
 h - a +0 mace
Missiles
 b - 12 poisoned darts (quivered)
Armour
 a - a +0 robe (worn)
 f - a +0 pair of gloves (worn)
 i - a +2 ring mail of poison resistance
Jewellery
 k - an uncursed ring of flight
 l - a cursed ring of teleportation (left hand)
 m - a ring of fire (right hand)
Scrolls
 d - a scroll of fog {unknown}
 e - a scroll of teleportation
 g - a scroll of enchant armour {unknown}
 j - a scroll of identify {unknown}


   Skills:
 + Level 2.3 Dodging
 - Level 1.5 Stealth
 + Level 3.8 Spellcasting
 + Level 4.5 Necromancy


You had 5 spell levels left.
You knew the following spells:

 Your Spells              Type           Power        Failure   Level
a - Pain                  Necr           64%          2%          1
b - Vampiric Draining     Necr           8%           9%          3

Your spell library contained the following spells:

 Spells                   Type           Power        Failure   Level
 Animate Skeleton         Necr           32%          2%          1
 Animate Dead             Necr           8%           28%         4
 Agony                    Necr           16%          61%         5


Dungeon Overview and Level Annotations

Branches:
Dungeon (3/15)

Altars:

Annotations:
D:3 Ijyb


Innate Abilities, Weirdness & Mutations

You do not drink.
Your flesh is vulnerable to fire.
You are immune to poison.
Your flesh is cold resistant. (rC+)
You are immune to negative energy. (rN+++)
You are immune to unholy pain and torment.
You can survive without breathing.


Message History

Aim: an adder (lightly wounded, chance to affect: 81%)
The adder writhes in agony.
Ijyb shouts!
Casting: Pain (safe; 2% risk of failure)
Confirm with . or Enter, or press ? or * to list all spells.
Aiming: Pain (safe; 2% risk of failure)
Press: ? - help, Shift-Dir - straight line, f/p - adder
Aim: an adder (heavily wounded, chance to affect: 81%)
The adder writhes in agony.
The adder bites you. The adder completely misses you.
Casting: Pain (safe; 2% risk of failure)
Confirm with . or Enter, or press ? or * to list all spells.
Aiming: Pain (safe; 2% risk of failure)
Press: ? - help, Shift-Dir - straight line, f/p - adder
Aim: an adder (almost dead, chance to affect: 81%)
The adder writhes in agony!
You kill the adder!
Ijyb zaps a wand.
You are blasted!
Ouch! That really hurt!
You die...

###.........†......
...................
#................
#................
##................
##.........$.......
#.)................
#..................
#....@............
#................
#......)........
#............[.
...........)...
####...g.......
#...........
............
##...........


You could see Ijyb.

Vanquished Creatures
  2 adders
  An ooze (D:2)
  2 worms (D:2)
  A leopard gecko (D:3)
  A ball python (D:1)
  9 bats
  A giant cockroach (D:1)
  7 goblins
  8 hobgoblins
  5 frilled lizards
  6 rats
43 creatures vanquished.

Notes
Turn   | Place    | Note
-------+----------+-------------------------------------------
     0 | D:1      | Mesmaeker13 the Mummy Necromancer began the quest for the
                  | Orb.
     0 | D:1      | Reached XP level 1. HP: 13/13 MP: 4/4
   409 | D:1      | Reached XP level 2. HP: 16/19 MP: 0/6
  1541 | D:2      | Reached XP level 3. HP: 24/24 MP: 5/7
  1879 | D:2      | Learned a level 3 spell: Vampiric Draining
  2826 | D:3      | Noticed Ijyb
  2830 | D:3      | Blown up by Ijyb

Illustrated notes

Levels and vault maps discovered:
D:1:      lemuel_arrival_tunnels, layout_rooms, corexii_hall_statues_deadend
D:2:      layout_basic
D:3:      layout_loops_cross, lemuel_coloured_pillars_altar,
          nicolae_overflow_crystal_walls, tso_metal_star, wad_floor_pattern_1,
          minmay_unequal, uniq_ijyb

Skill      XL: |  1  2 |
---------------+-------+-----
Spellcasting   | 3 |  3.8
Dodging        | 2 |  2.3
Stealth        | |  1.5
Necromancy     | |  4.5

Action                   || total
-------------------------++-------
Melee: Dagger            ||    10
Throw: Dart              ||     2
 Cast: Pain              ||    96
  Use: Scroll            ||     1
Armor: Robe              ||    12
Dodge: Dodged            ||    25

Table legend: (Time is in decaauts)
 A = Elapsed time spent in this place.
 B = Non-inter-level travel time spent in this place.
 C = Inter-level travel time spent in this place.
 D = Time resting spent in this place.
 E = Time spent auto-exploring this place.
 F = Levels seen in this place.
 G = Mean time per level.
                   A        B        C        D        E       F      G
               +--------+--------+--------+--------+--------+-----+--------+
         Total |   2827 |   2748 |     79 |    903 |   1470 |   3 |  942.3 |
       Dungeon |   2827 |   2748 |     79 |    903 |   1470 |   3 |  942.3 |
               +--------+--------+--------+--------+--------+-----+--------+

Top non-repeatable levels by time:
     D:1: 1421 daAuts
     D:2: 1334 daAuts
     D:3: 71 daAuts
